 Dungeon Crawl Stone Soup version 0.15.0-29-ga8e3430 (webtiles) character file.

2154 Rhoefr the Changer (level 9, -4/57 HPs)
             Began as an Octopode Transmuter on Sept 11, 2014.
             Was a Priest of Makhleb.
             Slain by a sky beast (5 damage)
             ... on Level 7 of the Dungeon.
             The game lasted 01:07:44 (10096 turns).

Rhoefr the Changer (Octopode Transmuter)           Turns: 10096, Time: 01:07:44

HP  -4/57        AC  1     Str  9      XL: 9   Next: 31%
MP  20/21        EV 12     Int 19      God: Makhleb [***...]
Gold 237         SH  0     Dex 12      Spells:  5 memorised,  4 levels left

rFire  + . .     SeeInvis .     b - 32 arrows
rCold  x . .     Clarity  .     (no shield)
rNeg   + . .     rCorr    .     (helmet restricted)
rPois  .         rRot     .     (no amulet)
rElec  .         Spirit   .     e - ring of fire
SustAb .         Warding  .     m - cursed ring of positive energy
rMut   .         Stasis   .     (no ring)
Gourm  .                        (no ring)
MR     .....                    (no ring)
                                (no ring)
                                (no ring)
                                (no ring)

@: very slightly contaminated, slowed, very slow, not resistant to hostile
enchantments, unstealthy
A: almost no armour, amphibious, 8 rings, constrict 8, camouflage 1, gelatinous
body 1
a: Minor Destruction, Lesser Servant of Makhleb, Renounce Religion


You were on level 7 of the Dungeon.
You worshipped Makhleb.
Makhleb was most pleased with you.
You were hungry.

You visited 2 branches of the dungeon, and saw 8 of its levels.

You collected 237 gold pieces.

Inventory:

Hand weapons
 a - a +1 hunting sling of velocity
Missiles
 b - 32 arrows (in tentacle)
 h - 18 arrows of frost
 k - 54 sling bullets
 n - 5 tomahawks of returning (quivered)
 v - 103 stones
 w - 5 steel javelins
Magical devices
 y - a wand of frost (8)
Comestibles
 g - 3 meat rations
 o - 2 fruits
Scrolls
 i - 4 scrolls of remove curse
 j - 2 scrolls of enchant armour
 r - 4 scrolls of amnesia
Jewellery
 e - a ring of fire (left tentacle)
 m - a cursed ring of positive energy (right tentacle)
Potions
 c - 2 potions of restore abilities
 f - 3 potions of resistance
 l - a potion of mutation {unknown}
 p - 2 potions of cancellation
 q - 2 potions of brilliance
 s - a potion of lignification {unknown}
 t - a potion of agility
 u - a potion of magic
 x - 2 potions of curing {unknown}
 z - a potion of beneficial mutation {unknown}
Books
 d - a book of Changes

   Spells                             Type                      Level
   *Beastly Appendage                 Transmutation                1
   *Sticks to Snakes                  Transmutation                2
   *Spider Form                       Transmutation/Poison         3
   *Ice Form                          Ice/Transmutation            4
   *Blade Hands                       Transmutation                5


   Skills:
 + Level 3.3 Fighting
 - Level 0.2 Throwing
 - Level 2.0 Dodging
 + Level 4.4 Unarmed Combat
 - Level 5.5 Spellcasting
 - Level 7.5 Transmutations
 - Level 5.1 Ice Magic
 - Level 3.0 Poison Magic


You had 4 spell levels left.
You knew the following spells:

 Your Spells              Type           Power        Failure   Level  Hunger
a - Beastly Appendage     Trmt           ####..       1%          1    None
b - Sticks to Snakes      Trmt           ####......   1%          2    None
c - Ice Form              Ice/Trmt       ##......     12%         4    ####...
s - Spider Form           Trmt/Pois      ####......   4%          3    ##.....
x - Blade Hands           Trmt           ####......   17%         5    #####..


Dungeon Overview and Level Annotations

Branches:
Dungeon (7/15)             Temple (1/1) D:4

Altars:
Ashenzari
Cheibriados
Dithmenos
Elyvilon
Makhleb
Nemelex Xobeh
Okawaru
Qazlal
Sif Muna
Trog
Vehumet
Xom
Yredelemnul
Zin
The Shining One

Annotations:
D:4 Psiweapon's ghost, average DrTm


Innate Abilities, Weirdness & Mutations

You cannot wear most types of armour.
You are amphibious.
You can wear up to eight rings at the same time.
You can use your tentacles to constrict many enemies at once.
Your skin changes colour to match your surroundings (Stealth).
Your rubbery body absorbs attacks (AC +1).


Message History

* * * LOW HITPOINT WARNING * * *
The orc wizard mumbles some strange words.
The orc wizard blinks!
Something hits you.
* * * LOW HITPOINT WARNING * * *
Something shocks you.
* * * LOW HITPOINT WARNING * * *
Really attack while wielding your +1 hunting sling of velocity?
An orc wizard is nearby!
Casting: Ice Form
Confirm with . or Enter, or press ? or * to list all spells.
Your +1 hunting sling of velocity feels slithery for a moment!
Casting: Sticks to Snakes
Confirm with . or Enter, or press ? or * to list all spells.
Your +1 hunting sling of velocity feels slithery for a moment!
b - 32 arrows (in tentacle)
The orc wizard gestures wildly while chanting.
The orc wizard blinks!
Something hits you.
* * * LOW HITPOINT WARNING * * *
Something shocks you.
You die...

...# #.##.# #.#
#.....[...# .. #.##.#
##.# #.........#
#.$.o####..###..#.....##
###...##....## ##...##
#........$.#.# ###..
###........#.## #.
###.........?.. .
#...§.....#.#
#.##@.....# #.. ##.[...#
... ##[)#...#
..)....§.......#
##........$##..
#.........# ...........#
#.........# ..........


You could see an orc wizard.

Vanquished Creatures
  Prince Ribbit (D:4)
  Eustachio (D:6)
  Menkaure (D:4)
  A phantom (D:5)
  A black bear (D:7)
  An ogre (D:6)
  A centaur (D:6)
  Sigmund (D:3)
  A gnoll sergeant (D:5)
  A scorpion (D:5)
  2 giant frogs
  5 wights (D:6)
  A hound (D:7)
  3 goliath beetles (D:6)
  An orc priest (D:5)
  2 crimson imps
  A centaur skeleton (D:4)
  A jelly (D:5)
  An iron imp (D:6)
  An iguana (D:4)
  2 orc wizards
  3 worker ants
  An ogre zombie (D:5)
  A crocodile skeleton (D:7)
  Terence (D:3)
  9 adders
  6 gnolls
  3 giant mites
  2 shadow imps (D:6)
  5 worms
  An adder zombie (D:7)
  An iguana zombie (D:7)
  An orc zombie (D:5)
  5 giant geckos
  An ooze (D:4)
  26 orcs
  A ball python (D:1)
  10 hobgoblins
  2 jackals (D:1)
  4 quokkas
  17 bats
  5 giant cockroaches
  7 giant newts
  A giant spore (D:6)
  8 goblins
  15 kobolds
  16 rats
  A rat zombie (D:5)
  A ballistomycete (D:6)
184 creatures vanquished.

Vanquished Creatures (collateral kills)
  2 worms (D:2)
  2 goblins
4 creatures vanquished.

Grand Total: 188 creatures vanquished

Notes
Turn   | Place    | Note
--------------------------------------------------------------
     0 | D:1      | Rhoefr, the Octopode Transmuter, began the quest for the Orb.
     0 | D:1      | Reached XP level 1. HP: 13/13 MP: 3/3
   102 | D:1      | Reached XP level 2. HP: 18/18 MP: 2/4
   122 | D:1      | Learned a level 2 spell: Sticks to Snakes
   487 | D:1      | Reached XP level 3. HP: 23/23 MP: 4/6
   492 | D:1      | Learned a level 3 spell: Spider Form
  1163 | D:2      | Reached skill level 1 in Poison Magic
  1192 | D:2      | Reached skill level 4 in Transmutations
  1192 | D:2      | Reached XP level 4. HP: 28/28 MP: 5/7
  1652 | D:2      | Upgraded the game from 0.15.0-27-gbdb0435 to 0.15.0-29-ga8e3430
  1962 | D:2      | Reached XP level 5. HP: 28/33 MP: 9/9
  2370 | D:3      | Noticed Terence
  2377 | D:3      | Killed Terence
  2512 | D:3      | Noticed Sigmund
  2522 | D:3      | Killed Sigmund
  3149 | D:3      | Reached skill level 5 in Transmutations
  3149 | D:3      | Reached XP level 6. HP: 27/38 MP: 6/11
  3922 | D:4      | Noticed Prince Ribbit
  3922 | D:4      | Noticed Psiweapon's ghost (average DrTm)
  4444 | D:4      | Killed Prince Ribbit
  4444 | D:4      | Reached XP level 7. HP: 24/43 MP: 11/15
  4581 | D:4      | Found a staircase to the Ecumenical Temple.
  4589 | Temple   | Entered the Ecumenical Temple
  4629 | Temple   | Became a worshipper of Makhleb the Destroyer
  5278 | D:4      | Reached skill level 6 in Transmutations
  5303 | D:4      | Learned a level 5 spell: Blade Hands
  5351 | D:4      | Noticed Menkaure
  5359 | D:4      | Killed Menkaure
  6029 | D:5      | Entered Level 5 of the Dungeon
  6030 | D:5      | Acquired Makhleb's first power
  6521 | D:5      | Reached XP level 8. HP: 46/48 MP: 13/19
  6622 | D:5      | Reached skill level 5 in Spellcasting
  7041 | D:5      | Reached skill level 7 in Transmutations
  7514 | D:5      | Learned a level 4 spell: Ice Form
  7622 | D:5      | Acquired Makhleb's second power
  7624 | D:5      | Reached skill level 1 in Ice Magic
  7851 | D:6      | Noticed Eustachio
  7892 | D:6      | Killed Eustachio
  8827 | D:6      | Reached skill level 5 in Ice Magic
  8993 | D:6      | Reached XP level 9. HP: 47/53 MP: 13/21
  9996 | D:7      | Acquired Makhleb's third power
 10096 | D:7      | HP: 1/57 [something (2)]
 10096 | D:7      | Slain by a sky beast

Action                   |  1- 3 |  4- 6 |  7- 9 || total
-------------------------+-------+-------+-------++-------
Melee: Unarmed           |    67 |    99 |   221 ||   387
 Fire: Hunting sling     |       |    50 |   220 ||   270
 Cast: Beastly Appendage |    26 |     8 |       ||    34
       Sticks to Snakes  |     5 |     3 |       ||     8
       Spider Form       |       |     9 |     7 ||    16
       Blade Hands       |       |       |    12 ||    12
       Ice Form          |       |       |    13 ||    13
Invok: Minor Destruction |       |       |     2 ||     2
 Abil: End Transformatio |       |       |     1 ||     1
Evoke: Wand              |       |     1 |       ||     1
  Use: Scroll            |     3 |     5 |     6 ||    14
       Potion            |     1 |       |     4 ||     5
 Stab: Sleeping          |     1 |     1 |     1 ||     3
  Eat: Chunk             |     2 |     5 |    12 ||    19
       Bread ration      |       |     1 |     2 ||     3
       Beef jerky        |       |     1 |     2 ||     3
       Fruit             |       |       |     1 ||     1
